 Dungeon Crawl Stone Soup version 0.26-a0-812-g31a745ddcd (webtiles) character file.

Game seed: 4707735097362632145

8437 tilp the Grappler (level 11, -14/105 HPs)
             Began as an Ogre Transmuter on Dec 10, 2020.
             Was an Elder of Makhleb.
             Demolished by a red ugly thing (22 damage)
             ... on level 11 of the Dungeon.
             The game lasted 00:35:07 (16659 turns).

tilp the Grappler (Ogre Transmuter)                Turns: 16659, Time: 00:35:08

Health: -14/105    AC:  2    Str: 16    XL:     11   Next: 30%
Magic:  17/17      EV: 19    Int: 17    God:    Makhleb [****..]
Gold:   435        SH:  5    Dex: 14    Spells: 3/18 levels left

rFire    . . .     SeeInvis .     - Unarmed
rCold    . . .     Faith    .   (shield currently unavailable)
rNeg     + . .     Spirit   .   (armour currently unavailable)
rPois    x         Reflect  +   (helmet currently unavailable)
rElec    .         Harm     .   (cloak currently unavailable)
rCorr    +         Rampage  .   (gloves unavailable)
MR       +....                  (boots unavailable)
Stlth    +.........             f - amulet of reflection
HPRegen  0.27/turn              s - ring of resist corrosion
MPRegen  0.15/turn              y - ring of positive energy

@: about to teleport, spider-form
A: tiny, unfitting armour
a: End Transformation, Minor Destruction, Lesser Servant of Makhleb, Major
Destruction, Renounce Religion


You were on level 11 of the Dungeon.
You worshipped Makhleb.
Makhleb was greatly pleased with you.
You were a venomous arachnid creature.
You visited 1 branch of the dungeon, and saw 11 of its levels.
You also visited: Ossuary.

You collected 812 gold pieces.
You spent 377 gold pieces at shops.

Inventory:

Hand Weapons
 a - the +6 trident of Fapoxt {freeze, Stlth+, unknown}
   (You found it on level 11 of the Dungeon)

   It has been specially enchanted to freeze those struck by it, causing extra
   injury to most foes and up to half again as much damage against particularly
   susceptible opponents.
   It can also slow down cold-blooded creatures.
   It makes you more stealthy.
 b - the +9 war axe "Geelos" {venom, Str+2 SInv Stlth+}
   (You found it on level 4 of the Dungeon)

   It poisons the flesh of those it strikes.
   It affects your strength (+2).
   It lets you see invisible.
   It makes you more stealthy.
Missiles
 d - 262 stones
 t - 6 boomerangs
 u - 25 poisoned darts (quivered)
 R - a silver boomerang
Armour
 v - a +0 kite shield
 A - a +0 cloak (melded)
 B - a scarf of resistance
 U - a +2 robe of magic resistance (melded)
Magical Staves
 N - an uncursed staff of poison {unknown}
 P - an uncursed staff of air {unknown}
Jewellery
 f - an amulet of reflection (around neck)
 s - a ring of resist corrosion (left front leg)
 y - a ring of positive energy (right front leg)
 I - an uncursed ring of fire
 L - an uncursed amulet of guardian spirit
 T - an uncursed amulet of the acrobat {unknown}
Wands
 z - a wand of random effects (40)
 E - a wand of enslavement (10)
 F - a wand of acid (17)
 G - a wand of flame (27)
 H - a wand of polymorph (21)
 K - a wand of paralysis (11)
 O - a wand of digging (5)
Scrolls
 g - 13 scrolls of remove curse
 j - 6 scrolls of enchant weapon
 o - 2 scrolls of teleportation
 p - 2 scrolls of amnesia
 r - a scroll of holy word
 w - 2 scrolls of fog
 x - 3 scrolls of fear
 C - a scroll of magic mapping
 M - a scroll of silence {unknown}
 Q - a scroll of identify
Potions
 c - a potion of might
 e - a potion of curing
 h - 4 potions of flight
 i - a potion of mutation
 k - a potion of berserk rage
 l - 2 potions of brilliance
 m - 6 potions of attraction
 n - 2 potions of resistance
 q - 2 potions of ambrosia
 D - a potion of haste
 J - a potion of invisibility {unknown}
 S - a potion of heal wounds


   Skills:
 - Level 6.0 Fighting
 - Level 2.0 Throwing
 - Level 2.0 Dodging
 + Level 3.6 Shields
 + Level 10.6 Unarmed Combat
 - Level 4.0 Spellcasting
 - Level 8.0 Transmutations
 - Level 2.0 Ice Magic
 - Level 2.0 Poison Magic
 - Level 4.0 Invocations
 + Level 3.4 Evocations


You had 3 spell levels left.
You knew the following spells:

 Your Spells              Type           Power        Failure   Level
a - Beastly Appendage     Tmut           ####..       3%          1
b - Wereblood             Tmut           ####....     4%          2
c - Spider Form           Tmut/Pois      ###.......   17%         3
d - Ice Form              Ice/Tmut       ###.....     41%         4
e - Blade Hands           Tmut           ####......   34%         5

Your spell library contained the following spells:

 Spells                   Type           Power        Failure   Level
 Sting                    Tmut/Pois      ###.         8%          1
 Ignite Poison            Fire/Tmut/Pois ##......     28%         3
 Corona                   Hex            #......      34%         1
 Ensorcelled Hibernation  Hex/Ice        #.....       34%         2
 Poisonous Vapours        Pois/Air       #.....       34%         2
 Mephitic Cloud           Conj/Pois/Air  #.......     58%         3
 Confusing Touch          Hex            #.......     65%         3
 Dazzling Flash           Conj/Hex       #.....       65%         3
 Tukima's Dance           Hex            #.......     65%         3
 Olgreb's Toxic Radiance  Pois           ##......     77%         4


Dungeon Overview and Level Annotations

Branches:
Dungeon (11/15)            Temple (0/1) D:4            Lair (0/6) D:10
    Orc (0/2) D:10        Ossuary (visited)

Altars:
Dithmenos
Elyvilon
Fedhas
Gozag
Kikubaaqudgha
Makhleb
Nemelex Xobeh
Okawaru
Vehumet
Yredelemnul
Zin

Shops:
D:6 (   D:7 *   D:10 *(!

Annotations:
D:3 Sigmund
D:8 3 runed translucent doors, Bliebski's ghost, novice OpTm; Fjolswid's ghost, novice MiBe; bmj180's ghost, novice DrCj; harkrass's ghost, novice MiFi
D:9 Erolcha


Innate Abilities, Weirdness & Mutations

You are too large for most types of armour.
((You have tough skin. (AC +1)))


Message History

Your +0 cloak melds into your body.
Your +2 robe of magic resistance melds into your body.
You feel less resistant to hostile enchantments.
The red ugly thing kicks you!
You are engulfed in flames!!
The red ugly thing kicks you.
You are engulfed in flames!!
* * * LOW HITPOINT WARNING * * *
You hit the red ugly thing.
The red ugly thing is lightly wounded.
The red ugly thing misses you.
You hit the red ugly thing.
The red ugly thing is poisoned.
The red ugly thing is lightly wounded.
The red ugly thing kicks you.
* * * LOW HITPOINT WARNING * * *
You are engulfed in flames!
* * * LOW HITPOINT WARNING * * *
As you read the scroll of teleportation, it crumbles to dust.
You feel strangely unstable. The red ugly thing kicks you!
* * * LOW HITPOINT WARNING * * *
You are engulfed in flames!!
You die...

#####.#
#...#.####
#.#<......
#####.........
#......#..####
#.######..#
#####.# #..#
#.u...# #.>#
#s##### #..#
##.## #..#
#...#### #..#
#......# #..#
#...##)# #..#
######.#
###..# ### #.#
##.#..# ##.##
#.# #.#...#
##.#.###4#
#.#..#


You could see a red ugly thing (very poisoned).

Vanquished Creatures
  Snorg (D:10)
  A hornet (D:11)
  A troll (D:8)
  12 yaks
  Eustachio (D:6)
  A human (D:10)
  Menkaure (D:5)
  A warg (D:10)
  A naga (D:8)
  3 orc warriors
  2 ice beasts
  3 ogres
  4 black bears
  A phantom (D:10)
  A necrophage (D:8)
  7 centaurs
  A big kobold (D:9)
  A wyvern zombie (D:7)
  A gnoll sergeant (D:9)
  7 bullfrogs
  2 water moccasin zombies (Ossuary)
  A scorpion (D:4)
  6 killer bees
  14 wights
  A howler monkey (D:4)
  3 hounds
  7 orc wizards
  2 jellies
  9 orc priests
  A gnoll shaman (D:7)
  6 bullfrog skeletons
  Jessica (D:3)
  4 iguanas
  8 worker ants
  3 big kobold zombies (Ossuary)
  A hound zombie (D:6)
  A hound skeleton (D:7)
  2 mummies (Ossuary)
  A worker ant zombie (D:9)
  Robin (D:3)
  9 gnolls
  5 adders
  2 shadow imps
  A white imp (D:8)
  4 ufetubi
  6 adder zombies
  2 adder skeletons
  3 worms
  3 dart slugs
  3 leopard geckos
  43 orcs
  3 ball pythons
  5 giant cockroaches
  3 gnoll zombies (Ossuary)
  17 goblins
  10 hobgoblins
  6 jackals
  7 kobolds
  7 quokkas
  5 bats
  5 frilled lizards
  A giant cockroach zombie (D:6)
  2 hobgoblin zombies (Ossuary)
  A jackal skeleton (D:4)
  A jackal zombie (D:5)
  7 kobold zombies (Ossuary)
  3 orc zombies (Ossuary)
  3 rats
292 creatures vanquished.

Vanquished Creatures (collateral kills)
  A water moccasin (D:10)
  A killer bee (D:11)
  A quasit (D:11)
  An orc priest (D:10)
  A goblin (D:10)
5 creatures vanquished.

Vanquished Creatures (others)
  2 withered plants (D:8)
2 creatures vanquished.

Grand Total: 299 creatures vanquished

Notes
Turn   | Place    | Note
-------+----------+-------------------------------------------
     0 | D:1      | tilp the Ogre Transmuter began the quest for the Orb.
     0 | D:1      | Reached XP level 1. HP: 19/19 MP: 3/3
   478 | D:1      | Reached XP level 2. HP: 28/28 MP: 5/5
   508 | D:1      | Learned a level 2 spell: Wereblood
   627 | D:1      | Reached skill level 3 in Unarmed Combat
  1018 | D:2      | Reached XP level 3. HP: 35/36 MP: 3/6
  1230 | D:2      | Found a blossoming altar of Fedhas.
  1694 | D:2      | Reached XP level 4. HP: 45/45 MP: 5/7
  2139 | D:2      | Found a burning altar of Makhleb.
  2158 | D:2      | Became a worshipper of Makhleb the Destroyer
  2378 | D:3      | Noticed Robin
  2388 | D:3      | Reached skill level 4 in Unarmed Combat
  2399 | D:3      | Killed Robin
  2399 | D:3      | Reached XP level 5. HP: 34/54 MP: 5/8
  2556 | D:3      | Found a basalt altar of Yredelemnul.
  2611 | D:3      | Reached skill level 1 in Throwing
  2689 | D:3      | Noticed Sigmund
  2775 | D:3      | You fall into a shaft and drop 2 floors!
  2775 | D:5      | Entered Level 5 of the Dungeon
  2986 | D:4      | Got a bloodstained war axe
  2995 | D:4      | Found a sand-covered staircase.
  3080 | Ossuary  | Entered an ossuary
  3116 | Ossuary  | Reached XP level 6. HP: 44/62 MP: 9/9
  3119 | Ossuary  | Reached * piety under Makhleb
  3278 | Ossuary  | Reached skill level 5 in Unarmed Combat
  3348 | Ossuary  | Learned a level 3 spell: Spider Form
  3925 | D:4      | Reached ** piety under Makhleb
  3925 | D:4      | Reached skill level 6 in Unarmed Combat
  3925 | D:4      | Reached XP level 7. HP: 58/70 MP: 7/10
  4271 | D:3      | Noticed Jessica
  4272 | D:3      | Found a radiant altar of Vehumet.
  4278 | D:3      | Found a sparkling altar of Nemelex Xobeh.
  4278 | D:3      | Found a white marble altar of Elyvilon.
  4278 | D:3      | Found an ancient bone altar of Kikubaaqudgha.
  4280 | D:3      | Killed Jessica
  4313 | D:3      | Found an opulent altar of Gozag.
  4318 | D:3      | Found a blossoming altar of Fedhas.
  4866 | D:4      | Found a staircase to the Ecumenical Temple.
  5194 | D:4      | Identified the +9 war axe "Geelos" {venom, Str+2 SInv
                  | Stlth+} (You found it on level 4 of the Dungeon)
  5606 | D:5      | Reached XP level 8. HP: 76/78 MP: 9/11
  5741 | D:5      | Found a shadowy altar of Dithmenos.
  5741 | D:5      | Noticed Menkaure
  5747 | D:5      | Killed Menkaure
  5747 | D:5      | Reached skill level 7 in Unarmed Combat
  6003 | D:6      | Noticed Eustachio
  6321 | D:6      | Found Qiopy's Antique Weapon Boutique.
  6454 | D:6      | Reached skill level 8 in Unarmed Combat
  6626 | D:6      | Reached *** piety under Makhleb
  6795 | D:6      | Reached skill level 1 in Invocations
  6947 | D:6      | Killed Eustachio
  7006 | D:7      | Reached skill level 5 in Fighting
  7117 | D:7      | Reached XP level 9. HP: 78/88 MP: 12/12
  7298 | D:7      | Found Kaalont's Assorted Antiques.
  7954 | D:7      | Reached skill level 9 in Unarmed Combat
  7978 | D:7      | Learned a level 4 spell: Ice Form
  8216 | D:7      | Found an iron altar of Okawaru.
  8536 | D:8      | Noticed Maurice
  8540 | D:8      | Noticed Maurice
  8540 | D:8      | Maurice changed into Maurice the naga
  8550 | D:8      | Killed Maurice the naga
  8671 | D:8      | Reached **** piety under Makhleb
  8674 | D:8      | Reached skill level 10 in Unarmed Combat
  8792 | D:8      | Reached skill level 1 in Ice Magic
  8792 | D:8      | Reached skill level 1 in Poison Magic
  9404 | D:8      | Reached XP level 10. HP: 96/97 MP: 13/15
  9801 | D:8      | Found a glowing silver altar of Zin.
  9844 | D:8      | Noticed harkrass's ghost (novice MiFi)
  9845 | D:8      | Noticed Bliebski's ghost (novice OpTm)
  9845 | D:8      | Noticed bmj180's ghost (novice DrCj)
  9846 | D:8      | Found a runed translucent gate.
  9846 | D:8      | Noticed Fjolswid's ghost (novice MiBe)
  9847 | D:8      | Found a runed translucent gate.
  9847 | D:8      | Found a runed translucent gate.
  9878 | D:8      | Learned a level 5 spell: Blade Hands
  9905 | D:9      | Reached skill level 5 in Transmutations
 12033 | D:9      | Noticed Erolcha
 12144 | D:9      | Reached skill level 1 in Evocations
 12189 | D:9      | Reached skill level 1 in Shields
 13005 | D:10     | Entered Level 10 of the Dungeon
 13054 | D:10     | Noticed Snorg
 13174 | D:10     | Killed Snorg
 13174 | D:10     | Reached XP level 11. HP: 35/105 MP: 15/17
 13967 | D:10     | Found a staircase to the Orcish Mines.
 14278 | D:10     | Found a staircase to the Lair.
 14429 | D:10     | Found Zeuneov's Weapon Emporium.
 14439 | D:10     | Found Wempuysi's General Store.
 14467 | D:10     | Reached ***** piety under Makhleb
 15070 | D:10     | Found Uzoklokk's Distillery.
 15078 | D:10     | Bought a potion of heal wounds for 65 gold pieces
 15078 | D:10     | Bought a potion of heal wounds for 65 gold pieces
 15485 | D:10     | Bought a +2 robe of magic resistance for 247 gold pieces
 15617 | D:11     | Noticed a white ugly thing
 15770 | D:11     | HP: 4/105 [killer bee (6)]
 16187 | D:11     | Paralysed by a hornet for 3 turns
 16209 | D:10     | HP: 5/105 [poisoned by a hornet]
 16214 | D:10     | HP: 4/105 [poisoned by a hornet]
 16219 | D:10     | HP: 4/105 [poisoned by a hornet]
 16227 | D:10     | HP: 4/105 [poisoned by a hornet]
 16624 | D:11     | Got an iridescent trident
 16631 | D:11     | Noticed a red ugly thing
 16659 | D:11     | Demolished by a red ugly thing

Illustrated notes

Levels and vault maps discovered:
D:1:      grunt_arrival_lava_bath, layout_basic
D:2:      minmay_diamond_boxcup, layout_loops_ring, makhleb_heckhound_becter,
          fedhas_ov_isle_minmay
D:3:      layout_rooms, yredelemnul_altar_generic, minmay_overflow_temple_hex,
          uniq_robin, uniq_sigmund, uniq_jessica
D:4:      layout_loops_ring, minmay_temple_entry_mist, enter_ossuary_5
D:5:      layout_rooms, grunt_dithmenos_shadows, nrook_loot_triangle,
          uniq_menkaure
D:6:      layout_cave_pools, serial_shops, nicolae_shop_trees, uniq_eustachio
D:7:      layout_rooms, okawaru_ov_weapons_minmay, serial_shops,
          nicolae_shop_crystal
D:8:      layout_loops_cross, zin_statuary, gammafunk_ghost_cemetery,
          uniq_maurice
D:9:      layout_small_grid, uniq_erolcha
D:10:     layout_grid_maze, lair_entry_dummy, erik_orc_4, serial_shops,
          nicolae_shop_temple_entry_statues_fountains, nicolae_shop_waterfront,
          shop_fountains, uniq_snorg
D:11:     layout_loops_ring, kennysheep_cross_bottleneck

Skill      XL: |  1  2  3  4  5  6  7  8  9 10 11 |
---------------+----------------------------------+-----
Dodging        | 2 |  2.0
Transmutations | 2 3 4 8 |  8.0
Fighting       | 2 3 4 5 6 |  6.0
Unarmed Combat | 3 4 6 8 10 | 10.6
Throwing       | 2 |  2.0
Invocations    | 3 4 |  4.0
Spellcasting   | 3 4 |  4.0
Ice Magic      | 1 2 |  2.0
Poison Magic   | 1 2 |  2.0
Evocations     | 2 3 |  3.4
Shields        | 2 3 |  3.6

Action                   |  1- 3 |  4- 6 |  7- 9 | 10-12 || total
-------------------------+-------+-------+-------+-------++-------
Melee: Unarmed           |   119 |   254 |   342 |   385 ||  1100
       Kick              |     9 |    53 |    71 |    40 ||   173
       Headbutt          |     4 |    25 |    49 |    41 ||   119
       Punch             |     2 |     5 |     9 |     8 ||    24
       War axe           |       |       |     1 |       ||     1
Throw: Stone             |     7 |     5 |       |       ||    12
       Dart              |       |       |    32 |    17 ||    49
 Cast: Beastly Appendage |    10 |    28 |    48 |    37 ||   123
       Wereblood         |       |     6 |    10 |    13 ||    29
       Spider Form       |       |       |       |    11 ||    11
Invok: Lesser Servant of |       |       |       |     5 ||     5
       Minor Destruction |       |       |       |     1 ||     1
Evoke: Wand              |       |       |     4 |       ||     4
  Use: Scroll            |     4 |     9 |    11 |     1 ||    25
       Potion            |     2 |       |       |     5 ||     7
 Stab: Sleeping          |     1 |       |       |       ||     1
       Distracted        |       |       |       |     1 ||     1
Armor: Robe              |    37 |    53 |    40 |    43 ||   173
       Skin              |     8 |       |       |     2 ||    10
Dodge: Dodged            |    59 |    79 |   131 |   196 ||   465
Block: Other             |    18 |    47 |    73 |    74 ||   212
       Reflection        |       |       |     1 |     2 ||     3

Table legend: (Time is in decaauts)
 A = Elapsed time spent in this place.
 B = Non-inter-level travel time spent in this place.
 C = Inter-level travel time spent in this place.
 D = Time resting spent in this place.
 E = Time spent auto-exploring this place.
 F = Levels seen in this place.
 G = Mean time per level.
                   A        B        C        D        E       F      G
               +--------+--------+--------+--------+--------+-----+--------+
         Total |  16549 |  15943 |    606 |   6608 |   6057 |  12 | 1379.1 |
       Dungeon |  15744 |  15138 |    606 |   6046 |   6027 |  11 | 1431.3 |
       Ossuary |    804 |    804 |      0 |    562 |     30 |   1 |  804.0 |
               +--------+--------+--------+--------+--------+-----+--------+

Top non-repeatable levels by time:
    D:10: 3221 daAuts
     D:8: 2893 daAuts
     D:9: 1689 daAuts
     D:2: 1325 daAuts
     D:6: 1315 daAuts
     D:5: 1109 daAuts
     D:4: 1101 daAuts
     D:1: 997 daAuts
     D:7: 977 daAuts
 Ossuary: 804 daAuts
     D:3: 789 daAuts
    D:11: 322 daAuts
